 Dungeon Crawl Stone Soup version 0.22-a0-393-g7f50228 (webtiles) character file.

207 JeffiDaFish the Firebug (level 5, 0/28 HPs)
             Began as a Deep Elf Fire Elementalist on May 2, 2018.
             Was an Initiate of Vehumet.
             Slain by Grinder (11 damage)
             ... on level 3 of the Dungeon.
             The game lasted 00:13:28 (2996 turns).

JeffiDaFish the Firebug (DEFE)                      Turns: 2996, Time: 00:13:28

Health: 0/28       AC:  2    Str:  5    XL:     5   Next: 54%
Magic:  8/14       EV: 13    Int: 21    God:    Vehumet [......]
Gold:   166        SH:  0    Dex: 15    Spells: 5/13 levels left

rFire    . . .     SeeInvis .   d - +3 dagger
rCold    . . .     Gourm    .   (no shield)
rNeg     . . .     Faith    .   k - +0 robe
rPois    .         Spirit   .   (no helmet)
rElec    .         Reflect  .   f - scarf {cloud immunity}
rCorr    .         Harm     .   (no gloves)
MR       .....                  (no boots)
Stlth    ++........             (no amulet)
HPRegen  0.09/turn              (no ring)
MPRegen  0.14/turn              (no ring)

@: no status effects
A: no striking features
a: Renounce Religion


You were on level 3 of the Dungeon.
You worshipped Vehumet.
Vehumet was noncommittal.
You were not hungry.

You visited 1 branch of the dungeon, and saw 3 of its levels.

You collected 166 gold pieces.

Inventory:

Hand Weapons
 d - a +3 dagger (weapon)
Armour
 f - a scarf of cloud immunity (worn)
 k - a +0 robe (worn)
Scrolls
 a - 3 scrolls of teleportation
 e - 3 scrolls of remove curse
 j - a scroll of fear
 m - a scroll of magic mapping
 n - 2 scrolls of identify
Potions
 b - a potion of lignification
 g - 2 potions of brilliance
 h - a potion of heal wounds
 i - a potion of cancellation
 l - a potion of curing
Comestibles
 c - 5 rations
 o - 2 chunks of flesh


   Skills:
 - Level 3.1 Dodging
 - Level 2.4 Stealth
 * Level 4.7 Spellcasting
 * Level 3.3 Conjurations
 * Level 4.8 Fire Magic


You had 5 spell levels left.
You knew the following spells:

 Your Spells              Type           Power        Failure   Level  Hunger
a - Flame Tongue          Conj/Fire      ###..        1%          1    None
b - Conjure Flame         Conj/Fire      ###.....     6%          3    ##.....
c - Sticky Flame          Conj/Fire      ###.....     21%         4    ####...


Dungeon Overview and Level Annotations

Branches:
Dungeon (3/15)

Altars:
Fedhas
Kikubaaqudgha
Vehumet

Annotations:
D:3 Grinder


Message History

Okay, then.
Casting: Sticky Flame (slightly dangerous; 21% risk of failure)
Confirm with . or Enter, or press ? or * to list all spells.
Aiming: Flame Tongue (safe; 1% risk of failure)
Press: ? - help, Shift-Dir - straight line, f/p - Grinder
Aim: Grinder (lightly wounded, covered in liquid flames)
The flame tongue hits Grinder.
Grinder is moderately wounded.
Grinder burns!
Grinder gestures at you. You resist with significant effort.
Casting: Flame Tongue (safe; 1% risk of failure)
Confirm with . or Enter, or press ? or * to list all spells.
Aiming: Flame Tongue (safe; 1% risk of failure)
Press: ? - help, Shift-Dir - straight line, f/p - Grinder
Aim: Grinder (heavily wounded, covered in liquid flames)
The flame tongue hits Grinder.
Grinder is severely wounded.
Grinder burns!
Grinder stops burning.
Grinder hits you!
You die...

#.. .....# #.# #.#
#..#.# #.# #.#
#..#.# ##.. #.#
#..#.###.(. #.#
#........#. #.#
####...##... #.#
#....#...... #5#
#.##...##... #@#
#.###.##.... #.#
##.###.#.....
#>####......#....>
#!..........# ...
######...#.##
#.#.#.# #.....#
###.### #.#


You could see Grinder.

Vanquished Creatures
  Natasha (thrice) (D:2)
  A worker ant (D:3)
  3 adders (D:2)
  An ooze (D:1)
  3 worms
  2 dart slugs (D:1)
  2 leopard geckos
  4 orcs (D:3)
  7 bats
  3 giant cockroaches (D:1)
  6 goblins
  9 hobgoblins
  8 jackals
  A quokka (D:2)
  A ball python (D:1)
  2 frilled lizards
  3 kobolds (D:1)
  5 rats
64 creatures vanquished.

Notes
Turn   | Place    | Note
-------+----------+-------------------------------------------
     0 | D:1      | JeffiDaFish the Deep Elf Fire Elementalist began the quest for the Orb.
     0 | D:1      | Reached XP level 1. HP: 10/10 MP: 6/6
   231 | D:1      | Reached XP level 2. HP: 15/15 MP: 6/8
   556 | D:1      | Reached XP level 3. HP: 19/19 MP: 9/9
   683 | D:1      | Learned a level 3 spell: Conjure Flame
  1273 | D:2      | Noticed Natasha
  1279 | D:2      | Killed Natasha
  1279 | D:2      | Reached XP level 4. HP: 24/24 MP: 2/12
  1308 | D:2      | Found an ancient bone altar of Kikubaaqudgha.
  1629 | D:2      | Noticed Natasha
  1632 | D:2      | Killed Natasha
  1638 | D:2      | Learned a level 4 spell: Sticky Flame
  1962 | D:2      | Reached XP level 5. HP: 26/28 MP: 4/13
  2072 | D:2      | Noticed Natasha
  2079 | D:2      | Killed Natasha
  2484 | D:3      | Found a radiant altar of Vehumet.
  2497 | D:3      | Became a worshipper of Vehumet
  2614 | D:3      | Found a blossoming altar of Fedhas.
  2985 | D:3      | Noticed Grinder
  2996 | D:3      | Slain by Grinder

Vault maps used:
D:1:      wheals_arrival_shading
D:2:      lemuel_crystal_altar, first_ration, minmay_item_behind_shaft,
          uniq_natasha
D:3:      fedhas_altar_2, fiery_altar_vehumet, uniq_grinder

Skill      XL: |  1  2  3  4  5 |
---------------+----------------+-----
Fire Magic     | 4 |  4.8
Conjurations   | 2 3 |  3.3
Dodging        | 3 |  3.1
Spellcasting   | 4 |  4.7
Stealth        | |  2.4

Action                   |  1- 3 |  4- 6 || total
-------------------------+-------+-------++-------
Melee: Dagger            |    20 |    20 ||    40
       Hand axe          |    21 |     3 ||    24
 Cast: Flame Tongue      |    54 |    39 ||    93
       Conjure Flame     |     2 |     4 ||     6
       Sticky Flame      |       |     3 ||     3
  Use: Scroll            |     5 |     5 ||    10
       Potion            |     4 |     4 ||     8
 Stab: Sleeping          |     5 |     2 ||     7
  Eat: Chunk             |     1 |     6 ||     7
Armor: Robe              |    10 |     5 ||    15
Dodge: Dodged            |    48 |    13 ||    61

Table legend:
 A = Spawn XP
 B = Non-spawn XP
 C = Spawn XP percentage of total XP
 D = Spawn monster count
 E = Non-spawn monster count
 F = Spawn count percentage of total count
 G = Total turns spent on level
                    A         B        C        D         E        F      G
               +---------+---------+-------+---------+---------+-------+---------
         Total |       0 |     297 |   0.0 |       0 |      64 |   0.0 |  2996
               +---------+---------+-------+---------+---------+-------+---------
           D:1 |       0 |      58 |   0.0 |       0 |      28 |   0.0 |  1139
           D:2 |       0 |     183 |   0.0 |       0 |      26 |   0.0 |  1022
           D:3 |       0 |      56 |   0.0 |       0 |      10 |   0.0 |   835
               +---------+---------+-------+---------+---------+-------+---------
